 Dungeon Crawl Stone Soup version 0.25.0-10-g039870ee82 (webtiles) character file.

Game seed: 14123573059658162522

(classic levelgen) 138997 EnegeticOcto the Champion of Chaos (level 16, -6/133 HPs)
             Began as a Deep Dwarf Fighter on June 23, 2020.
             Was the Champion of Makhleb.
             Mangled by a wolf spider (12 damage)
             ... on level 4 of the Spider Nest.
             The game lasted 00:16:32 (19650 turns).

EnegeticOcto the Champion of Chaos (DDFi)          Turns: 19650, Time: 00:16:32

Health: -6/133     AC: 35    Str: 27    XL:     16   Next: 72%
Magic:  0/13       EV:  5    Int: 13    God:    Makhleb [******]
Gold:   1816       SH:  0    Dex: 15    Spells: 15/15 levels left

rFire    + . .     SeeInvis .   a - +6 broad axe
rCold    . . .     Gourm    .   M - +5 tower shield "Geurut" {Regen+ rCorr Str+2}
rNeg     + . .     Faith    .   v - +4 plate armour {rF+}
rPois    +         Spirit   .   O - +2 helmet of Dogma {Str+2 Slay+6 Stlth-}
rElec    .         Reflect  .   x - +2 cloak
rCorr    +         Harm     .   h - +0 pair of fencer's gloves {Riposte Dex+3}
MR       ++...     Clarity  +   c - +2 pair of boots {run}
Stlth    ..........             d - amulet of the acrobat
HPRegen  0.00/turn              L - ring of poison resistance
MPRegen  0.13/turn              y - +4 ring of protection

@: lethally poisoned (-6 -> -6), marked, held, non-regenerating, slowed, very
slow
A: damage resistance, heal wounds, large bone plates 1, clarity, clever 1, frail
1, negative energy resistance 1, sense surroundings 2, weak 1, no regeneration
a: Heal Wounds, Minor Destruction, Lesser Servant of Makhleb, Major Destruction,
Greater Servant of Makhleb, Renounce Religion


You were on level 4 of the Spider Nest.
You worshipped Makhleb.
Makhleb was exalted by your worship.
You were not hungry.

You visited 5 branches of the dungeon, and saw 28 of its levels.
You visited the Abyss 1 time.
You also visited: Ossuary and Volcano.

You collected 2979 gold pieces.
You spent 1163 gold pieces at shops.

Inventory:

Hand Weapons
 a - a +6 broad axe (weapon)
Missiles
 B - 2 throwing nets (quivered)
Armour
 c - a +2 pair of boots of running (worn)
 h - the +0 pair of fencer's gloves (worn) {Riposte Dex+3}
   (You found it on level 5 of the Dungeon)

   It affects your dexterity (+3).
 v - a +4 plate armour of fire resistance (worn)
 x - a +2 cloak (worn)
 M - the +5 tower shield "Geurut" (worn) {Regen+ rCorr Str+2}
   (You bought it in a shop on level 2 of the Orcish Mines)

   It affects your strength (+2).
   It increases your rate of regeneration.
   It provides partial protection from all sources of acid and corrosion.
 O - the +2 helmet of Dogma (worn) {Str+2 Slay+6 Stlth-}
   (You found it on level 12 of the Dungeon)

   It affects your strength (+2).
   It affects your accuracy and damage with ranged weapons and melee attacks
   (+6).
   It makes you less stealthy.
Jewellery
 d - an amulet of the acrobat (around neck)
 l - an uncursed ring of protection from magic
 y - a +4 ring of protection (right hand)
 F - an uncursed ring of protection from fire
 K - an uncursed ring of protection from cold
 L - a ring of poison resistance (left hand)
 Q - a cursed amulet of inaccuracy
Wands
 t - a wand of paralysis (9)
 u - a wand of acid (5) {@v1}
 D - a wand of digging (11) {@v3}
 E - a wand of flame (25) {@v4}
Scrolls
 b - 2 scrolls of magic mapping {@r5}
 f - 8 scrolls of remove curse {@r2}
 g - 2 scrolls of identify {@r1}
 q - a scroll of immolation {@r7}
 z - 2 scrolls of fog
 A - 7 scrolls of teleportation {@r3}
 C - 5 scrolls of blinking {@r4}
Potions
 i - 6 potions of lignification {@q7}
 j - 3 potions of stabbing {@q5}
 k - 3 potions of might {@q3}
 m - 4 potions of resistance {@q6}
 n - 6 potions of haste {@q4}
 o - 2 potions of invisibility
 r - 2 potions of flight
 s - 11 potions of curing {@q1}
 w - 8 potions of heal wounds {@q2}
 G - a potion of ambrosia
 I - 2 potions of cancellation
 P - 2 potions of berserk rage
Miscellaneous
 H - a tin of tremorstones (2/3)
 R - a box of beasts
Comestibles
 e - 44 rations
 p - 4 chunks of flesh


   Skills:
 + Level 10.8 Fighting
 * Level 16.7 Axes
 + Level 12.5 Armour
 - Level 8.1 Dodging
 * Level 14.8 Shields
 - Level 18.0 Invocations


You had 15 spell levels left.
You didn't know any spells.
Your spell library contained the following spells:

 Spells                   Type           Power        Failure   Level  Hunger
 Animate Skeleton         Necr           N/A          100%        1    ##.....
 Apportation              Tloc           #.....       100%        1    ##.....
 Corona                   Hex            #......      100%        1    ##.....
 Foxfire                  Conj/Fire      #...         100%        1    ##.....
 Infusion                 Chrm           #...         100%        1    ##.....
 Magic Dart               Conj           #...         100%        1    ##.....
 Shock                    Conj/Air       #...         100%        1    ##.....
 Summon Butterflies       Summ           #.......     100%        1    ##.....
 Summon Small Mammal      Summ           #...         100%        1    ##.....
 Blink                    Tloc           N/A          100%        2    ###....
 Call Imp                 Summ           #.......     100%        2    ###....
 Passwall                 Tmut/Erth      #.......     100%        2    ###....
 Poisonous Vapours        Pois/Air       #.....       100%        2    ###....
 Shroud of Golubria       Chrm/Tloc      #.....       100%        2    ###....
 Slow                     Hex            #.......     100%        2    ###....
 Song of Slaying          Chrm           #.......     100%        2    ###....
 Swiftness                Chrm/Air       #.......     100%        2    ###....
 Call Canine Familiar     Summ           #.......     100%        3    ####...
 Confusing Touch          Hex            #.......     100%        3    ####...
 Conjure Flame            Conj/Fire      #.......     100%        3    ####...
 Gell's Gravitas          Tloc           #.........   100%        3    ####...
 Inner Flame              Hex/Fire       #.......     100%        3    ####...
 Mephitic Cloud           Conj/Pois/Air  #.......     100%        3    ####...
 Ozocubu's Armour         Chrm/Ice       #.......     100%        3    ####...
 Portal Projectile        Hex/Tloc       #.....       100%        3    ####...
 Spectral Weapon          Hex/Chrm       #.......     100%        3    ####...
 Static Discharge         Conj/Air       #.......     100%        3    ####...
 Summon Guardian Golem    Hex/Summ       #.......     100%        3    ####...
 Airstrike                Air            #.........   100%        4    #####..
 Cause Fear               Hex            #.........   100%        4    #####..
 Leda's Liquefaction      Hex/Erth       #.........   100%        4    #####..
 Passage of Golubria      Tloc           N/A          100%        4    #####..
 Petrify                  Tmut/Erth      #.......     100%        4    #####..
 Sticky Flame             Conj/Fire      #.......     100%        4    #####..
 Summon Ice Beast         Ice/Summ       #.......     100%        4    #####..
 Summon Lightning Spire   Summ/Air       #.......     100%        4    #####..
 Bolt of Magma            Conj/Fire/Erth #.........   100%        5    ######.
 Fireball                 Conj/Fire      #.........   100%        5    ######.
 Lee's Rapid Deconstruct  Erth           #.........   100%        5    ######.
 Lightning Bolt           Conj/Air       #.........   100%        5    ######.
 Metabolic Englaciation   Hex/Ice        #.........   100%        5    ######.
 Summon Mana Viper        Hex/Summ       #.......     100%        5    ######.
 Yara's Violent Unravell  Hex/Tmut       #.........   100%        5    ######.
 Darkness                 Hex            #.........   100%        6    #######
 Freezing Cloud           Conj/Ice/Air   #.........   100%        6    #######
 Invisibility             Hex            #.......     100%        6    #######
 Iron Shot                Conj/Erth      #.........   100%        6    #######
 Shadow Creatures         Summ           N/A          100%        6    #######
 Statue Form              Tmut/Erth      #........    100%        6    #######
 Ring of Flames           Chrm/Fire      #.........   100%        7    #######
 Spellforged Servitor     Conj/Summ      #.........   100%        7    #######
 Summon Hydra             Summ           #.........   100%        7    #######
 Shatter                  Erth           #.........   100%        9    #######


Dungeon Overview and Level Annotations

Branches:
Dungeon (15/15)            Temple (1/1) D:4            Lair (6/6) D:8
  Swamp (0/4) Lair:3       Spider (4/4) Lair:3        Slime (0/5) Lair:6
    Orc (2/2) D:12            Elf (0/3) Orc:2        Depths (0/5) D:15
Ossuary (visited)         Volcano (visited)
 Vaults: D:13-14

Altars:
Ashenzari
Cheibriados
Dithmenos
Elyvilon
Fedhas
Gozag
Hepliaklqana
Kikubaaqudgha
Makhleb
Nemelex Xobeh
Okawaru
Qazlal
Ru
Sif Muna
Trog
Uskayaw
Vehumet
Wu Jian
Xom
Zin
The Shining One
Beogh
Jiyva

Shops:
D:9 *}**(   D:10 [   Orc:2 [*[!(:

Annotations:
D:5 3 runed translucent doors, jazmu's ghost, amateur FoEE
D:11 3 runed translucent doors
Orc:1 2 runed translucent doors, Paschim's ghost, journeyman MiBe


Innate Abilities, Weirdness & Mutations

You are resistant to damage.
You can heal yourself by infusing magical energy.
You resist negative energy. (rN+)
You passively map the area around you.
You do not regenerate.
You are partially covered in large bone plates. (SH +4)
You possess an exceptional clarity of mind.
Your mind is acute. (Int +2)
You are frail. (-10% HP)
You are weak. (Str -2)


Message History

The demonic crawler hits you but does no damage.
The demonic crawler barely misses you.
The demonic crawler hits you but does no damage.
A demonic crawler comes into view.
You block the hornet's attack. The jumping spider pounces on you.
You are caught in a web!
The jumping spider bites you but does no damage.
A demonic crawler comes into view.
A redback comes into view.
The torpor snail is caught in a web!
The spark wasp stings you. The spark wasp shocks you!
The demonic crawler hits you but does no damage. x2
The demonic crawler hits you.
A redback comes into view.
A jumping spider comes into view.
The hornet stings you but does no damage.
A redback comes into view. x2; A demonic crawler comes into view.
A demon appears!
The spark wasp barely misses you.
You riposte.
You closely miss the spark wasp.
The spark wasp is lightly wounded.
You slash the demonic crawler! You barely miss the jumping spider.
You slash the wolf spider! You hit the demonic crawler. You miss the hornet.
A wolf spider comes into view.
The hornet barely misses you.
The demonic crawler hits you but does no damage.
The demonic crawler barely misses you.
The demonic crawler hits you but does no damage. x2
The demonic crawler barely misses you.
The demonic crawler hits you but does no damage.
The jumping spider barely misses you.
You riposte.
You slash the jumping spider!
The jumping spider is almost dead.
You slash the wolf spider!
You hit the demonic crawler but do no damage. x2
You slash the hornet! You miss the spark wasp. You slash the demonic crawler!
The jumping spider bites you but does no damage.
The moth of wrath goads the hornet on!
The hornet goes berserk!
The moth of wrath goads the jumping spider on!
The jumping spider goes berserk!
You feel you are being watched by something.
You feel your power leaking away. The spark wasp stings you!
The spark wasp shocks you! The wolf spider barely misses you.
You riposte.
You barely miss the wolf spider.
The wolf spider is moderately wounded.
You miss the jumping spider.
You hit the demonic crawler but do no damage.
You slash the demonic crawler! You completely miss the hornet.
You slice the spark wasp!! You hit the demonic crawler.
You slice the jumping spider!!
You kill the jumping spider!
Makhleb accepts your kill.
You feel better. The wolf spider bites you.
The torpor snail pulls away from the web.
The hornet stings you!
A tarantella comes into view.
The demonic crawler hits you but does no damage.
The demonic crawler hits you.
The demonic crawler hits you but does no damage. x5
The demonic crawler hits you.
The demonic crawler hits you but does no damage.
You feel you are being watched by something.
A redback comes into view.
You feel you are being watched by something.
A redback comes into view.
The jumping spider pounces on you but does no damage.
The jumping spider bites you but does no damage.
Your green death gestures at the hornet.
The bolt of poison hits the demonic crawler.
The bolt of poison misses the hornet.
The bolt of poison hits the demonic crawler.
A demon appears!
The hornet stings you!
* * * LOW HITPOINT WARNING * * *
You feel as though you will be slow longer.
The wolf spider hits you but does no damage.
The wolf spider bites you but does no damage.
The hornet stings you.
The spark wasp stings you but does no damage.
The wolf spider hits you but does no damage.
The wolf spider barely misses you. x2
The wolf spider bites you but does no damage.
The demonic crawler hits you but does no damage. x2
The demonic crawler closely misses you.
The demonic crawler hits you but does no damage. x2
The demonic crawler hits you.
The demonic crawler hits your green death! x2
The demonic crawler hits your green death.
The jumping spider pounces on you!
* * * LOW HITPOINT WARNING * * *
You are even more entangled.
The jumping spider bites you but does no damage.
The demonic crawler hits your orange demon.
The demonic crawler hits your orange demon!
The demonic crawler closely misses your orange demon.
The spark wasp stings you!
* * * LOW HITPOINT WARNING * * *
The spark wasp shocks you!
* * * LOW HITPOINT WARNING * * *
The hornet stings you but does no damage.
You feel you are being watched by something.
The wolf spider hits you!
You die...

..≈≈≈ ,^ ≈ , ≈ #^.≈≈≈###
≈ ≈≈≈ ,, ,,...≈≈≈≈≈##
^^#≈≈≈≈.... ^#.≈s≈≈≈≈###
###≈≈≈≈.... *
≈..sss{≈≈≈≈###≈≈≈≈≈≈#...
,
....sss≈≈≈≈≈≈≈≈≈≈s≈^#..#
^
.[..ss4ss≈≈≈≈≈≈≈≈≈≈.#.^.
,
...^#.ssyys†≈s≈≈≈≈#.#..#
,......s@ysssss..#†......
,
,.^....sssws#^s..††......
*
≈.....32#sy.s.s...†......
*
...^#^#.#..s............
, ^≈≈
#.≈^#^^#s.s^.≈^≈.^.# *
^^* ^≈#.^≈.≈.#.##.#.#.≈#
* # ^^.^^^^^^.≈^^≈.≈.^≈.#
*### #...####..#.###... ,
.... ,...#..###..


You could see an emperor scorpion, a spark wasp, a torpor snail, 8 demonic
crawlers, 5 wolf spiders, 2 moths of wrath, 4 orb spiders, a hornet (berserk), 3
jumping spiders, 3 tarantellas, 8 redbacks, a friendly green death (summoned,
slow), a friendly orange demon (summoned, slow) and a friendly ynoxinul
(summoned).

Vanquished Creatures
  Rupert (D:13)
  A tentacled starspawn (Abyss:3)
  A very ugly thing (D:15)
  An entropy weaver (Spider:2)
  Snorg (D:13)
  A fire dragon (D:15)
  2 ogre magi
  14 hydras
  An ice dragon (Orc:2)
  2 vault guards (D:14)
  2 catoblepae
  4 two-headed ogres (Volcano)
  2 death knights
  3 centaur warriors
  Urug (Orc:2)
  18 death yaks
  2 deep elf knights
  Sonja (D:13)
  A thrashing horror (Abyss:3)
  3 wretched stars (Abyss:3)
  A hell knight (Volcano)
  A death drake (D:14)
  3 unseen horrors
  A glowing orange brain (Abyss:3)
  3 wizards
  A lindwurm (Orc:2)
  2 phantasmal warriors (D:9)
  Pikel (D:6)
  10 starcursed masses
  A necromancer (D:15)
  7 orc knights
  3 deep elf magi (D:15)
  12 wolf spiders
  A cyclops (shapeshifter) (D:15)
  A shining eye (shapeshifter) (D:14)
  14 elephants
  9 orb spiders
  3 orc sorcerers
  8 ugly things
  5 cyclopes
  4 manticores
  3 black mambas
  2 molten gargoyles (Volcano)
  A naga mage (D:15)
  A smoke demon (Abyss:3)
  2 torpor snails
  16 spiny frogs
  3 gargoyles
  An efreet (Abyss:3)
  A kobold demonologist (D:15)
  2 rime drakes
  3 freezing wraiths
  2 yaktaurs
  11 komodo dragons
  5 demonic crawlers
  An ancient zyme (Abyss:3)
  A silent spectre (Abyss:3)
  A tengu conjurer (D:14)
  10 polar bears
  12 jumping spiders
  7 hornets
  Grinder (D:6)
  Prince Ribbit (D:6)
  10 trolls
  16 blink frogs
  6 hippogriffs
  9 dream sheep
  A flying skull (Abyss:3)
  14 spriggans
  3 shadows (D:15)
  20 redbacks
  10 tarantellas
  2 wraiths (D:15)
  4 wyverns
  A neqoxec (Abyss:3)
  A fire bat (Volcano)
  16 yaks
  5 vampire mosquitoes
  2 steam dragons (D:9)
  Menkaure (D:7)
  4 hungry ghosts
  2 wargs (Orc:1)
  An acid dragon (D:15)
  13 water moccasins
  8 porcupines
  23 orc warriors
  3 slaves (D:6)
  An eye of draining (D:11)
  2 black bears
  2 ice beasts
  18 ogres
  6 phantoms
  5 boggarts (Lair:6)
  10 centaurs
  31 wolves
  5 crocodiles
  21 bullfrogs
  3 big kobolds (D:12)
  3 gnoll sergeants (D:12)
  5 scorpions
  4 killer bees (D:10)
  10 wights
  2 electric eels (Spider:3)
  2 howler monkeys
  3 crimson imps
  A bullfrog zombie (D:7)
  2 lava snakes
  6 centaur zombies
  3 human zombies (Ossuary)
  3 quasits
  Crazy Yiuf (D:7)
  5 hounds
  17 orc wizards
  15 orc priests
  7 jellies
  2 bullfrog skeletons
  6 centaur skeletons
  A gnoll shaman (D:7)
  6 iguanas
  12 worker ants
  2 hell rats (Lair:5)
  A big kobold zombie (Ossuary)
  6 hound zombies
  4 mummies (Ossuary)
  3 worker ant zombies
  8 adders
  7 gnolls
  2 howler monkey skeletons
  10 river rats (Lair:5)
  4 shadow imps
  A white imp (Abyss:2)
  An ooze (D:3)
  5 adder zombies
  3 adder skeletons
  A worm (D:3)
  A dart slug (D:3)
  7 leopard geckos
  65 orcs
  3 bats
  A giant cockroach (D:6)
  5 hobgoblins
  10 jackals
  5 kobolds
  2 quokkas
  3 frilled lizards (D:3)
  A giant cockroach zombie (D:6)
  3 goblins
  A hobgoblin zombie (Ossuary)
  2 jackal zombies
  A kobold zombie (Ossuary)
  2 leopard gecko skeletons
  A leopard gecko zombie (D:6)
  An orc zombie (Ossuary)
  2 quokka zombies (D:6)
  3 rats
  A rat zombie (Ossuary)
  6 fungi
  A lurking horror (Abyss:3)
  3 plants
  A starspawn tentacle (Abyss:3)
824 creatures vanquished.

Vanquished Creatures (collateral kills)
  An orc warlord (Orc:2)
  An emperor scorpion (Spider:4)
  An orc high priest (Orc:2)
  2 wolf spiders (Spider:4)
  An orb spider (Spider:4)
  A jumping spider (Spider:4)
  A warg (Orc:2)
  5 orc warriors (Orc:2)
  An orc priest (Orc:2)
  4 orc wizards (Orc:2)
  2 orcs (Orc:2)
20 creatures vanquished.

Vanquished Creatures (others)
  An unseen horror (D:15)
  An orb spider (Spider:2)
  7 fungi
  5 plants (Lair:6)
  A starspawn tentacle (Abyss:3)
15 creatures vanquished.

Grand Total: 859 creatures vanquished

Notes
Turn   | Place    | Note
-------+----------+-------------------------------------------
     0 | D:1      | EnegeticOcto the Deep Dwarf Fighter began the quest for the
                  | Orb.
     0 | D:1      | Reached XP level 1. HP: 20/20 MP: 1/1
   218 | D:3      | Reached XP level 2. HP: 24/27 MP: 2/2
   325 | D:3      | Reached XP level 3. HP: 17/33 MP: 3/3
   333 | D:3      | Found a stormy altar of Qazlal.
   432 | D:3      | Noticed a scorpion
   443 | D:3      | Killed a scorpion
   443 | D:3      | Reached XP level 4. HP: 16/42 MP: 4/4
   932 | D:4      | Reached XP level 5. HP: 47/49 MP: 5/5
   990 | D:4      | Found a bloodstained altar of Trog.
  1194 | D:4      | Found a sand-covered staircase.
  1234 | D:4      | Reached XP level 6. HP: 34/56 MP: 6/6
  1315 | D:4      | Found a staircase to the Ecumenical Temple.
  1322 | Temple   | Entered the Ecumenical Temple
  1364 | Temple   | Became a worshipper of Makhleb the Destroyer
  1583 | D:4      | Reached skill level 1 in Invocations
  1593 | Ossuary  | Entered an ossuary
  1613 | Ossuary  | Reached skill level 5 in Axes
  1616 | Ossuary  | Reached skill level 2 in Invocations
  1698 | Ossuary  | Reached XP level 7. HP: 58/63 MP: 7/7
  1988 | D:5      | Entered Level 5 of the Dungeon
  2008 | D:5      | Reached * piety under Makhleb
  2117 | D:5      | Reached skill level 3 in Invocations
  2269 | D:5      | Reached skill level 5 in Shields
  2342 | D:5      | Found a shattered altar of Ashenzari.
  2342 | D:5      | Found a radiant altar of Vehumet.
  2360 | D:5      | Found a runed translucent gate.
  2361 | D:5      | Found a runed translucent gate.
  2361 | D:5      | Found a runed translucent gate.
  2361 | D:5      | Noticed jazmu's ghost (amateur FoEE)
  2503 | D:5      | Found an iron altar of Okawaru.
  2510 | D:5      | Reached skill level 5 in Armour
  2571 | D:5      | Found the +0 pair of fencer's gloves {Riposte Dex+3}
  2757 | D:5      | Reached skill level 4 in Invocations
  2877 | D:6      | Found a glowing silver altar of Zin.
  2877 | D:6      | Found a snail-covered altar of Cheibriados.
  2877 | D:6      | Found a sparkling altar of Nemelex Xobeh.
  2877 | D:6      | Found a shimmering blue altar of Sif Muna.
  2885 | D:6      | Noticed Pikel
  2886 | D:6      | Reached XP level 8. HP: 68/73 MP: 9/9
  2916 | D:6      | Killed Pikel
  2916 | D:6      | Reached skill level 1 in Dodging
  2916 | D:6      | Reached skill level 5 in Invocations
  2939 | D:6      | Found a hazy altar of Hepliaklqana.
  2939 | D:6      | Found a blossoming altar of Fedhas.
  3007 | D:6      | Noticed Grinder
  3014 | D:6      | Paralysed by Grinder for 3 turns
  3049 | D:6      | Killed Grinder
  3049 | D:6      | Reached skill level 6 in Invocations
  3075 | D:6      | Noticed Prince Ribbit
  3088 | D:6      | Reached ** piety under Makhleb
  3094 | D:6      | Gained mutation: You passively map the area around you.
                  | [Deep Dwarf growth]
  3094 | D:6      | Reached XP level 9. HP: 76/80 MP: 11/11
  3100 | D:6      | Reached skill level 5 in Fighting
  3118 | D:6      | Killed Prince Ribbit
  3118 | D:6      | Reached skill level 7 in Invocations
  3463 | D:6      | Found a blossoming altar of Fedhas.
  3511 | D:6      | Gained mutation: You are agile. (Dex +2) [potion of
                  | mutation]
  3511 | D:6      | Gained mutation: Armour fits poorly on your strangely
                  | shaped body. [potion of mutation]
  3511 | D:6      | Gained mutation: You have an increased reservoir of magic.
                  | (+10% MP) [potion of mutation]
  3511 | D:6      | Gained mutation: You possess an exceptional clarity of
                  | mind. [potion of mutation]
  3512 | D:6      | Lost mutation: Armour fits poorly on your strangely shaped
                  | body. [potion of mutation]
  3512 | D:6      | Lost mutation: You are agile. (Dex +2) [potion of mutation]
  3512 | D:6      | Gained mutation: You are partially covered in large bone
                  | plates. (SH +4) [potion of mutation]
  3512 | D:6      | Gained mutation: Your mind is acute. (Int +2) [potion of
                  | mutation]
  3647 | D:7      | Noticed Menkaure
  3654 | D:7      | Killed Menkaure
  3772 | D:7      | Found a runed translucent door.
  3773 | D:7      | Noticed Crazy Yiuf
  3890 | D:7      | Reached *** piety under Makhleb
  4136 | D:7      | Reached skill level 8 in Invocations
  4514 | D:7      | Killed Crazy Yiuf
  5024 | D:8      | Reached XP level 10. HP: 91/91 MP: 16/16
  5050 | D:8      | Found a staircase to the Lair.
  5400 | D:8      | Found a hide-covered altar of Uskayaw.
  5648 | D:9      | Reached **** piety under Makhleb
  5649 | D:9      | Noticed a phantasmal warrior
  5661 | D:9      | Noticed a death knight
  5663 | D:9      | Noticed a phantasmal warrior
  5693 | D:9      | Killed a phantasmal warrior
  5693 | D:9      | Reached skill level 9 in Invocations
  5698 | D:9      | Killed a death knight
  5733 | D:9      | Killed a phantasmal warrior
  5884 | D:9      | Found Boofuf's General Store.
  5892 | D:9      | Bought a potion of haste for 110 gold pieces
  5892 | D:9      | Bought a wand of digging (6) for 220 gold pieces
  5909 | D:9      | Reached skill level 5 in Dodging
  5963 | D:9      | Reached skill level 10 in Invocations
  6118 | D:9      | Found Untylef's Antique Weapon Shoppe.
  6190 | D:9      | Reached skill level 10 in Axes
  6244 | D:9      | Found Nadis's Gadget Boutique.
  6247 | D:9      | Found Ahousix's Assorted Antiques.
  6255 | D:9      | Bought a scroll labeled QOTHUTU QUJABRIU for 32 gold pieces
  6317 | D:9      | Found Haisyx Rino's Assorted Antiques.
  6571 | D:10     | Entered Level 10 of the Dungeon
  6622 | D:10     | Reached XP level 11. HP: 99/99 MP: 16/16
  7065 | D:10     | Found Asapt's Armour Emporium.
  7406 | D:11     | Noticed a brown ugly thing
  7422 | D:11     | Killed a brown ugly thing
  7484 | D:11     | Reached skill level 11 in Invocations
  7495 | D:11     | Reached ***** piety under Makhleb
  7873 | D:11     | Noticed a white ugly thing
  7902 | D:11     | Killed a white ugly thing
  7990 | D:11     | Killed an unseen horror
  8035 | D:11     | Found a runed translucent door.
  8050 | D:11     | Found a runed translucent door.
  8052 | D:11     | Noticed a tengu warrior
  8058 | D:11     | Noticed a tengu reaver
  8061 | D:11     | Found a runed translucent door.
  8245 | D:11     | Noticed an eight-headed hydra
  8268 | D:11     | Killed a 13-headed hydra
  8462 | D:12     | Identified the Disquisition on the Escort
  8554 | D:12     | Reached skill level 12 in Invocations
  8554 | D:12     | Reached XP level 12. HP: 105/109 MP: 14/16
  8981 | D:12     | Found a staircase to the Orcish Mines.
  9141 | D:12     | Got a smoking helmet
  9147 | D:12     | Identified the +2 helmet of Dogma {Str+2 Slay+6 Stlth-}
                  | (You found it on level 12 of the Dungeon)
  9198 | Orc:1    | Entered Level 1 of the Orcish Mines
  9198 | Orc:1    | Found a shimmering altar of Xom.
  9456 | Orc:1    | Found a large runed translucent door.
  9466 | Orc:1    | Found a large runed translucent door.
  9467 | Orc:1    | Noticed Paschim's ghost (journeyman MiBe)
  9825 | Orc:2    | Entered Level 2 of the Orcish Mines
  9844 | Orc:2    | Found a staircase to the Elven Halls.
  9888 | Orc:2    | Found Xonauc's Distillery.
  9925 | Orc:2    | Noticed an orc warlord
  9948 | Orc:2    | Killed an orc warlord
  9948 | Orc:2    | Reached skill level 13 in Invocations
  9971 | Orc:2    | Noticed Urug
  9980 | Orc:2    | Noticed an orc high priest
  9988 | Orc:2    | Killed Urug
  9996 | Orc:2    | Killed an orc high priest
 10000 | Orc:2    | Found a roughly hewn altar of Beogh.
 10100 | Orc:2    | Found Gadghis's Antique Weapon Shoppe.
 10149 | Orc:2    | Found Ugigg's Book Shoppe.
 10204 | Orc:2    | Reached ****** piety under Makhleb
 10253 | Orc:2    | Noticed an ogre mage
 10268 | Orc:2    | Killed an ogre mage
 10268 | Orc:2    | Reached XP level 13. HP: 71/117 MP: 15/15
 10279 | Orc:2    | Found Ikazonen's Armour Boutique.
 10330 | Orc:2    | Found a dark tunnel.
 10339 | Volcano  | Entered a volcano
 10421 | Volcano  | Found a burning altar of Makhleb.
 10607 | Orc:2    | Reached skill level 14 in Invocations
 10650 | Orc:2    | Found Leth's Antique Armour Shoppe.
 10656 | Orc:2    | Bought a dazzling tower shield for 228 gold pieces
 10666 | Orc:2    | Identified the +5 tower shield "Geurut" {Regen+ rCorr
                  | Str+2} (You bought it in a shop on level 2 of the Orcish
                  | Mines)
 11038 | Orc:2    | Found Vamarr's General Store.
 11153 | Orc:2    | Bought a scroll of enchant weapon for 90 gold pieces
 11153 | Orc:2    | Bought a +0 broad axe for 48 gold pieces
 11233 | Orc:2    | Bought a potion of invisibility for 120 gold pieces
 11233 | Orc:2    | Bought a potion of heal wounds for 75 gold pieces
 11233 | Orc:2    | Bought a potion of heal wounds for 75 gold pieces
 11233 | Orc:2    | Bought a potion of heal wounds for 75 gold pieces
 11233 | Orc:2    | Bought 2 potions of curing for 90 gold pieces
 11328 | D:13     | Reached skill level 10 in Shields
 11353 | D:13     | Identified a scroll of acquirement
 11378 | D:13     | Identified a +2 pair of boots of running (You acquired it
                  | on level 13 of the Dungeon)
 11485 | D:13     | Noticed Sonja
 11497 | D:13     | Killed Sonja
 11701 | D:13     | Noticed Rupert
 11715 | D:13     | Killed Rupert
 11715 | D:13     | Reached skill level 10 in Armour
 11864 | D:13     | Noticed Snorg
 11871 | D:13     | Killed Snorg
 12385 | D:14     | Cast into level 2 of the Abyss (a wizard)
 12404 | Abyss:2  | Noticed a starcursed mass
 12514 | Abyss:3  | Noticed a starcursed mass
 12522 | Abyss:3  | Lost mutation: You have an increased reservoir of magic.
                  | (+10% MP) [a neqoxec]
 12523 | Abyss:3  | Gained mutation: You are weak. (Str -2) [a neqoxec]
 12528 | Abyss:3  | Gained mutation: You are frail. (-10% HP) [a neqoxec]
 12632 | Abyss:3  | Reached skill level 15 in Invocations
 12632 | Abyss:3  | Gained mutation: You resist negative energy. (rN+) [Deep
                  | Dwarf growth]
 12632 | Abyss:3  | Reached XP level 14. HP: 82/114 MP: 6/12
 12649 | Abyss:3  | Noticed a tentacled starspawn
 12659 | Abyss:3  | Killed a tentacled starspawn
 12668 | D:14     | Escaped the Abyss
 13147 | D:15     | Entered Level 15 of the Dungeon
 13270 | D:15     | Noticed a green very ugly thing
 13291 | D:15     | Killed a green very ugly thing
 13363 | D:15     | Reached skill level 16 in Invocations
 13525 | D:15     | Found a staircase to the Depths.
 14048 | Lair:1   | Entered Level 1 of the Lair of Beasts
 14274 | Lair:2   | Reached XP level 15. HP: 122/122 MP: 12/12
 15434 | Lair:3   | Found a staircase to the Swamp.
 15532 | Lair:3   | Reached skill level 15 in Axes
 15825 | Lair:3   | Found a hole to the Spider Nest.
 16648 | Lair:4   | Reached skill level 17 in Invocations
 17410 | Lair:5   | Reached skill level 10 in Fighting
 17542 | Lair:6   | Entered Level 6 of the Lair of Beasts
 17694 | Lair:6   | Found a viscous altar of Jiyva.
 17694 | Lair:6   | Found a staircase to the Slime Pits.
 17879 | Lair:6   | Reached XP level 16. HP: 131/131 MP: 12/12
 18481 | Lair:6   | Reached skill level 18 in Invocations
 18890 | Spider:1 | Entered Level 1 of the Spider Nest
 19543 | Spider:4 | Entered Level 4 of the Spider Nest
 19613 | Spider:4 | Paralysed by a hornet for 1 turns
 19650 | Spider:4 | HP: 6/133 [spark wasp (14)]
 19650 | Spider:4 | Mangled by a wolf spider

Illustrated notes

Levels and vault maps discovered:
D:1:      dpeg_arrival_tiny_i, layout_loops_corners
D:2:      layout_basic, nicolae_overflow_crystal_walls,
          minmay_misc_feat_ornament
D:3:      layout_loops_ring, grunt_qazlal_clouds
D:4:      layout_loops_ring, overflow_temple_1_default,
          minmay_temple_entry_ruins, nicolae_ossuary_entry_false_entrances
D:5:      layout_basic, okawaru_metal_pillars_3,
          amethyst_overflow_temple_binary, first_ration, gammafunk_ghost_split
D:6:      layout_loops_ring, minmay_overflow_temple_hex, serial_undead,
          serial_undead_d, serial_undead_c, serial_undead_a, serial_undead_b,
          serial_undead_d, serial_undead_e, serial_undead_c, serial_undead_a,
          serial_undead_c, serial_undead_e, fedhas_altar_4, uniq_pikel,
          uniq_grinder, uniq_prince_ribbit1
D:7:      layout_loops_ring, uniq_menkaure, uniq_crazy_yiuf_cottage
D:8:      layout_layer_cave, kennysheep_little_box, dpeg_oklobed_lair,
          the_bakery
D:9:      layout_basic, serial_shops, nicolae_shop_stone,
          nicolae_shop_temple_entry_statues_fountains, shop_coins,
          nicolae_shop_crystal, shop
D:10:     layout_gridville, serial_shops, shop_coins
D:11:     minmay_the_grid_triangle_9x9_line_8_mashed
          [minmay_the_grid_triangle_9x9_zippers_vertical,
          minmay_the_grid_triangle_9x9_checkered,
          minmay_the_grid_triangle_9x9_corrupted_corridor,
          minmay_the_grid_triangle_9x9_sparse_checkered,
          minmay_the_grid_triangle_9x9_fully_insulated_deathbox,
          minmay_the_grid_triangle_9x9_windchime,
          minmay_the_grid_triangle_9x9_longest,
          minmay_the_grid_triangle_9x9_prize_center], layout_basic,
          nicolae_lava_and_water
D:12:     layout_basic, kennysheep_orc_monster_closet_entryway
D:13:     layout_layer_cave, uniq_rupert, uniq_sonja, uniq_snorg
D:14:     layout_stronghold, grunt_vaults_entry_fortified, serial_bayou_crossing
D:15:     grunt_enter_depths_magical_seal, layout_rooms,
          minmay_misc_feat_rugged, minivault_28
Temple:   jpeg_temple_island
Lair:1:   layout_long_grid
Lair:2:   cheibrodos_lair_river_kwai, layout_layer_cave, beast_lair_carwin_9
Lair:3:   layout_layer_cave, swamp_mist_pool, spider_nest_entry_rubble,
          beast_lair_carwin_7, grunt_megastairs_2, lemuel_fruit_tree
Lair:4:   layout_gridlike, minivault_24, infiniplex_staircase_pool_2
Lair:5:   layout_long_grid, kennysheep_rathole
Lair:6:   minmay_lair_end_enchanted_forest, layout_cave_pods,
          dpeg_slime_entry_enclosed_altar
Spider:1: layout_spider_delve, drop_trap, uniq_jorgrun
Spider:2: layout_spider_delve
Spider:3: layout_spider_delve, guppyfry_hornet_nest
Spider:4: grunt_spider_rune_island, drop_trap
Orc:1:    layout_caves, basic_altar, ebering_ghost_disaster_area,
          nicolae_orc_tapped_out
Orc:2:    grunt_orc_cross, layout_diamond_mine,
          portal_ice_cave_entry_animals_and_master, serial_shops, shop, shop,
          nicolae_volcano_entry_vermiform, mines4_lemuel

Skill      XL: |  1  2  3  4  5  6  7  8  9 10 11 12 13 14 15 16 |
---------------+-------------------------------------------------+-----
Axes           | 3 4 5 6 7 8 10 11 12 13 14 15 16 | 16.7
Fighting       | 3 4 5 6 7 8 9 10 | 10.8
Armour         | 4 5 6 7 8 9 10 11 12 | 12.5
Shields        | 4 5 6 7 8 9 10 12 13 14 | 14.8
Invocations    | 2 4 6 8 10 12 13 15 16 17 18 | 18.0
Dodging        | 2 4 5 6 7 8 |  8.1

Action                   |  1- 3 |  4- 6 |  7- 9 | 10-12 | 13-15 | 16-18 || total
-------------------------+-------+-------+-------+-------+-------+-------++-------
Melee: War axe           |   101 |   167 |   377 |   929 |   114 |       ||  1688
       Broad axe         |       |       |       |       |   954 |   385 ||  1339
Invok: Minor Destruction |       |       |       |     2 |       |       ||     2
       Lesser Servant of |       |       |       |     4 |       |     2 ||     6
       Greater Servant o |       |       |       |     1 |       |     3 ||     4
 Abil: Heal Wounds       |     1 |     2 |     3 |    34 |    17 |       ||    57
Evoke: Wand              |       |       |       |    13 |     7 |       ||    20
       Tin of tremorston |       |       |       |       |       |     3 ||     3
  Use: Scroll            |       |     5 |    12 |     4 |    16 |     3 ||    40
       Potion            |       |       |     2 |       |     2 |       ||     4
 Stab: Distracted        |       |       |       |     1 |       |       ||     1
       Paralysed         |       |       |       |       |     1 |       ||     1
       Petrified         |       |       |       |       |     4 |       ||     4
  Eat: Chunk             |       |     3 |     5 |    19 |    13 |     2 ||    42
       Ration            |       |       |     2 |     2 |     5 |       ||     9
Armor: Scale mail        |    58 |     1 |       |       |       |       ||    59
       Plate armour      |       |   131 |   193 |   563 |   752 |   257 ||  1896
       Chain mail        |       |     4 |       |       |       |       ||     4
Dodge: Dodged            |    51 |    35 |    72 |   309 |   435 |   109 ||  1011
Block: Kite shield       |    54 |    98 |   235 |   853 |    69 |       ||  1309
       Tower shield      |       |       |       |       |  1580 |   586 ||  2166
       Rpst.: War axe    |       |       |    16 |    56 |    12 |       ||    84
       Broad axe         |       |       |       |       |    43 |    15 ||    58
